 Dungeon Crawl Stone Soup version 0.25-a0-737-g26c3a87 (webtiles) character file.

Game seed: 14116725956132784475, levelgen mode: deterministic

12208 Faca the Slinger (level 12, -14/90 HPs)
             Began as a Halfling Hunter on Apr 11, 2020.
             Was a High Priest of Okawaru.
             Demolished by a komodo dragon (18 damage)
             ... on level 11 of the Dungeon.
             The game lasted 00:36:40 (17464 turns).

Faca the Slinger (Halfling Hunter)                 Turns: 17464, Time: 00:36:41

Health: -14/90     AC: 11    Str: 20    XL:     12   Next: 17%
Magic:  12/12      EV: 18    Int:  9    God:    Okawaru [*****.]
Gold:   726        SH:  0    Dex: 16    Spells: 11/11 levels left

rFire    . . .     SeeInvis .   c - +4 short sword (protect)
rCold    . . .     Gourm    .   (shield restricted)
rNeg     . . .     Faith    .   A - +0 steam dragon scales
rPois    .         Spirit   .   b - +1 helmet
rElec    .         Reflect  .   g - +0 cloak
rCorr    .         Harm     .   (no gloves)
MR       +....                  z - +0 pair of boots
Stlth    ++........             a - amulet of regeneration
HPRegen  0.65/turn              o - +3 ring of strength
MPRegen  0.13/turn              p - ring of protection from magic

@: about to teleport, frozen, studying Fighting, very slow
A: small, mutation resistance 1
a: Heroism, Finesse, Renounce Religion


You were on level 11 of the Dungeon.
You worshipped Okawaru.
Okawaru was extremely pleased with you.
You were hungry.

You visited 3 branches of the dungeon, and saw 13 of its levels.

You collected 726 gold pieces.

Inventory:

Hand Weapons
 c - a +4 short sword of protection (weapon)
 G - a +2 hunting sling of freezing
Missiles
 d - 110 sling bullets
 r - 214 stones (quivered)
Armour
 b - a +1 helmet (worn)
 g - a +0 cloak (worn)
 z - a +0 pair of boots (worn)
 A - +0 steam dragon scales (worn)
Jewellery
 a - an amulet of regeneration (around neck)
 i - an uncursed ring of ice
 o - a +3 ring of strength (left hand)
 p - a ring of protection from magic (right hand)
 E - an uncursed ring of fire
Wands
 q - a wand of iceblast (8)
 C - a wand of random effects (12)
Scrolls
 e - 5 scrolls of identify
 t - 3 scrolls of enchant armour
 w - 2 scrolls of magic mapping
 x - a scroll of enchant weapon
 y - 2 scrolls of remove curse
 B - a scroll of fog
Potions
 h - a potion of resistance
 j - 2 potions of invisibility
 k - 4 potions of flight
 l - 2 potions of haste
 s - a potion of berserk rage
 u - a potion of might
 D - a potion of lignification
Books
 n - a manual of Fighting
Comestibles
 f - 20 rations


   Skills:
 + Level 11.6 Fighting
 + Level 11.3 Short Blades
 + Level 14.7 Slings
 + Level 6.2 Armour
 + Level 5.0 Dodging
 - Level 1.1 Stealth


You had 11 spell levels left.
You didn't know any spells.
Your spell library contained the following spells:

 Spells                   Type           Power        Failure   Level  Hunger
 Apportation              Tloc           #.....       38%         1    ##.....
 Summon Butterflies       Summ           #.......     38%         1    ##.....
 Summon Small Mammal      Summ           #...         38%         1    ##.....
 Call Imp                 Summ           #.......     52%         2    ###....
 Call Canine Familiar     Summ           #.......     77%         3    ####...
 Lesser Beckoning         Tloc           #.........   77%         3    ####...
 Summon Guardian Golem    Hex/Summ       #.......     77%         3    ####...
 Tukima's Dance           Hex            #.......     77%         3    ####...
 Summon Ice Beast         Ice/Summ       #.......     99%         4    #####..
 Summon Lightning Spire   Summ/Air       #.......     99%         4    #####..
 Alistair's Intoxication  Tmut/Pois      #.......     100%        5    ######.
 Invisibility             Hex            #.......     100%        6    #######


Dungeon Overview and Level Annotations

Branches:
Dungeon (11/15)            Temple (1/1) D:6            Lair (1/6) D:11
    Orc (0/2) D:10

Altars:
Ashenzari
Cheibriados
Dithmenos
Elyvilon
Fedhas
Gozag
Hepliaklqana
Kikubaaqudgha
Makhleb
Nemelex Xobeh
Okawaru
Qazlal
Ru
Sif Muna
Trog
Uskayaw
Vehumet
Wu Jian
Xom
Yredelemnul
Zin
The Shining One
Beogh

Shops:
D:7 *   D:10 *

Annotations:
D:9 3 runed translucent doors


Innate Abilities, Weirdness & Mutations

You are small and have problems with some larger weapons.
You are somewhat resistant to further mutation.


Message History

The komodo dragon bites you!! The komodo dragon closely misses you.
The komodo dragon barely misses you.
The komodo dragon completely misses you.
There is a staircase back to the Dungeon, spattered with blood here.
The rime drake breathes ice at you. The flash freeze hits you!
You are encased in ice.
The komodo dragon bites you. The komodo dragon closely misses you.
You climb upwards.
Welcome back to the Dungeon!
There is a staircase to the Lair, spattered with blood here.
As you read the scroll of teleportation, it crumbles to dust.
You feel strangely unstable. The rime drake barely misses you.
The komodo dragon bites you!! x2
* * * LOW HITPOINT WARNING * * *
The rime drake closely misses you.
You feel better. The komodo dragon bites you!!
* * * LOW HITPOINT WARNING * * *
The rime drake bites you but does no damage.
The komodo dragon bites you!!
You die...

### ###########.####
#......#.#..##.###
#####...#....#...#.#
##.# ##......#......#
#..###.#.............
#..l###...##.........
####@l.#.#.#..#.####.
#k#.####.#.### #.#
#...# #..## ### #####
######### # ###....##
#.......# ###[###.#
##.#.#.## #.#.##.<#


You could see 2 komodo dragons and a rime drake.

Vanquished Creatures
  A centaur warrior (D:11)
  2 two-headed ogres (D:11)
  Joseph (Lair:1)
  Psyche (D:9)
  3 centaur skeletons (D:10)
  Maggie (D:9)
  3 komodo dragons (D:11)
  A troll (D:11)
  A hornet (D:11)
  Grinder (D:5)
  3 hippogriffs
  A wyvern (D:11)
  A shadow (D:11)
  2 basilisks (D:11)
  2 vampire mosquitoes (D:11)
  A steam dragon (D:11)
  2 soldier ants (D:11)
  2 porcupines (Lair:1)
  2 water moccasins
  5 ice beasts
  2 sky beasts
  7 orc warriors
  7 ogres
  A phantom (D:11)
  A centaur (D:5)
  10 bullfrogs
  A wyvern zombie (D:10)
  2 scorpions
  9 wights
  5 howler monkeys
  4 crimson imps
  A quasit (D:7)
  7 hounds
  A jelly (D:6)
  7 orc priests
  7 orc wizards
  A bullfrog skeleton (D:11)
  3 iguanas
  Natasha (thrice) (D:4)
  6 worker ants
  A killer bee zombie (D:9)
  2 hound skeletons (D:11)
  A hound zombie (D:9)
  A worker ant zombie (D:8)
  11 gnolls
  12 adders
  A shadow imp (D:8)
  2 oozes
  6 worms
  2 dart slugs
  5 leopard geckos
  46 orcs
  13 bats
  7 giant cockroaches
  7 hobgoblins
  5 kobolds
  4 quokkas
  2 ball pythons
  8 frilled lizards
  8 goblins
  A quokka zombie (D:5)
  8 rats
  A spectral orc (D:3)
275 creatures vanquished.

Vanquished Creatures (others)
  A hound (D:11)
  2 orcs (D:11)
  3 toadstools (D:1)
6 creatures vanquished.

Grand Total: 281 creatures vanquished

Notes
Turn   | Place    | Note
-------+----------+-------------------------------------------
     0 | D:1      | Faca the Halfling Hunter began the quest for the Orb.
     0 | D:1      | Reached XP level 1. HP: 14/14 MP: 1/1
    33 | D:1      | Reached skill level 6 in Slings
    55 | D:1      | Reached XP level 2. HP: 19/19 MP: 2/2
  1028 | D:2      | Reached XP level 3. HP: 25/25 MP: 3/3
  1414 | D:2      | Reached XP level 4. HP: 28/30 MP: 4/4
  2037 | D:2      | Reached skill level 7 in Slings
  2479 | D:2      | Reached XP level 5. HP: 22/36 MP: 5/5
  2886 | D:3      | Found a basalt altar of Yredelemnul.
  2889 | D:3      | Reached skill level 1 in Short Blades
  2973 | D:3      | Found a burning altar of Makhleb.
  3324 | D:2      | Reached XP level 6. HP: 14/43 MP: 6/6
  3780 | D:3      | Reached skill level 8 in Slings
  3854 | D:3      | Found a faded altar of an unknown god.
  3884 | D:4      | Noticed Natasha
  3893 | D:4      | Killed Natasha
  4429 | D:4      | Reached XP level 7. HP: 43/48 MP: 7/7
  4605 | D:4      | Noticed Natasha
  4616 | D:4      | Killed Natasha
  4787 | D:4      | Noticed Natasha
  4792 | D:4      | Killed Natasha
  4849 | D:4      | Reached skill level 9 in Slings
  5230 | D:5      | Entered Level 5 of the Dungeon
  5230 | D:5      | Noticed Grinder
  5245 | D:5      | Paralysed by Grinder for 5 turns
  5268 | D:5      | Killed Grinder
  5268 | D:5      | Reached skill level 5 in Fighting
  5268 | D:5      | Reached XP level 8. HP: 37/55 MP: 8/8
  5399 | D:5      | Noticed a moth of wrath
  5402 | D:5      | Found a bloodstained altar of Trog.
  5454 | D:5      | Found a glowing golden altar of the Shining One.
  5589 | D:5      | Reached skill level 5 in Short Blades
  6183 | D:5      | Reached skill level 10 in Slings
  6186 | D:5      | Found a blossoming altar of Fedhas.
  6561 | D:6      | Found a snail-covered altar of Cheibriados.
  6670 | D:6      | Reached XP level 9. HP: 62/62 MP: 9/9
  6780 | D:6      | Found a shimmering altar of Xom.
  6963 | D:6      | Found a staircase to the Ecumenical Temple.
  6973 | Temple   | Entered the Ecumenical Temple
  7228 | Temple   | Became a worshipper of Warmaster Okawaru
  7774 | D:6      | Identified a scroll of acquirement
  7774 | D:6      | Identified the amulet "Amyare" {Faith Str+3 Int+5} (You
                  | acquired it on level 6 of the Dungeon)
  7954 | D:7      | Found Iqosedgh's Mayhem Merchandise.
  7960 | D:7      | Reached skill level 11 in Slings
  9871 | D:8      | Found a shimmering blue altar of Sif Muna.
 10010 | D:8      | Reached * piety under Okawaru
 10466 | D:8      | Noticed a hippogriff
 10481 | D:8      | Reached skill level 12 in Slings
 10494 | D:8      | Killed a hippogriff
 10494 | D:8      | Reached XP level 10. HP: 39/72 MP: 10/10
 11739 | D:9      | Found a hazy altar of Hepliaklqana.
 12000 | D:9      | Noticed Maggie
 12033 | D:9      | Killed Maggie
 12033 | D:9      | Reached skill level 1 in Armour
 12161 | D:9      | Found a runed translucent gate.
 12162 | D:9      | Found a runed translucent gate.
 12163 | D:9      | Found a runed translucent gate.
 12165 | D:9      | Noticed a green ugly thing
 12165 | D:9      | Noticed a cyan ugly thing
 12165 | D:9      | Noticed a brown ugly thing
 12165 | D:9      | Noticed a brown ugly thing
 12165 | D:9      | Noticed a glowing orange brain
 12220 | D:9      | Noticed Psyche
 12235 | D:9      | Killed Psyche
 12235 | D:9      | Reached ** piety under Okawaru
 12235 | D:9      | Reached skill level 13 in Slings
 12675 | D:9      | Found a hide-covered altar of Uskayaw.
 12722 | D:9      | Found a roughly hewn altar of Beogh.
 13526 | D:10     | Entered Level 10 of the Dungeon
 13578 | D:10     | Reached skill level 10 in Fighting
 13641 | D:10     | Reached skill level 10 in Short Blades
 13641 | D:10     | Reached XP level 11. HP: 71/81 MP: 11/11
 14238 | D:10     | Found Boujadwi's General Store.
 14695 | D:10     | Found a staircase to the Orcish Mines.
 14881 | D:11     | Reached *** piety under Okawaru
 15061 | D:11     | Noticed a two-headed ogre
 15069 | D:11     | Killed a two-headed ogre
 15069 | D:11     | Reached skill level 14 in Slings
 15180 | D:11     | Reached skill level 5 in Armour
 15574 | D:11     | Reached **** piety under Okawaru
 15719 | D:11     | Noticed a two-headed ogre
 15731 | D:11     | Killed a two-headed ogre
 15883 | D:11     | Noticed a centaur warrior
 15997 | D:11     | Reached ***** piety under Okawaru
 16068 | D:11     | Received a gift from Okawaru
 16269 | D:11     | Killed a centaur warrior
 16625 | D:11     | Found a staircase to the Lair.
 16639 | D:11     | Reached XP level 12. HP: 80/90 MP: 12/12
 16891 | Lair:1   | Entered Level 1 of the Lair of Beasts
 16895 | Lair:1   | Noticed Joseph
 16923 | Lair:1   | Killed Joseph
 16923 | Lair:1   | Received a gift from Okawaru
 17427 | D:11     | Reached skill level 5 in Dodging
 17464 | D:11     | HP: 4/90 [komodo dragon (18)]
 17464 | D:11     | Demolished by a komodo dragon

Levels and vault maps discovered:
D:1:      eino_arrival_water_cross, layout_basic, minmay_gold_behind_fungi,
          palyth_stone_intersect
D:2:      wad_river_or_something, layout_basic
D:3:      layout_basic, lemuel_coloured_pillars_altar,
          yredelemnul_forgotten_temple_becter, chequers_ecumenical_altar_twisty
D:4:      layout_cave_pools, first_ration, uniq_natasha
D:5:      layout_loops_cross, kennysheep_mini, kennysheep_mini_moat, tgw_trog,
          uniq_grinder
D:6:      layout_loops_ring, kennysheep_slug_shrine, lemuel_doored_altar,
          minmay_temple_entry_antechambers, hangedman_decor_points
D:7:      layout_basic, minmay_shop_mayhem
D:8:      layout_rooms, lemuel_round_altar
D:9:      layout_basic, lemuel_crystal_altar, kennysheep_little_box,
          special_room [special_room_orc],
          ploomutoo_gammafunk_ghost_potion_laboratory, uniq_maggie, uniq_psyche
D:10:     layout_stronghold, orc_0_dummy, serial_shops,
          nicolae_shop_window_shopping
D:11:     layout_cave_pools, erik_lair_dragon, hangedman_pestilent_swarm
Temple:   minmay_temple_forest_path
Lair:1:   dpeg_oklob_gauntlet, layout_chaotic_city, beast_lair_carwin_7,
          lemuel_fruit_fields, uniq_joseph

Skill      XL: |  1  2  3  4  5  6  7  8  9 10 11 12 |
---------------+-------------------------------------+-----
Fighting       | 2 3 4 5 8 10 11 | 11.6
Slings         | 6 7 8 9 10 12 13 14 | 14.7
Short Blades   | 1 3 4 6 8 10 11 | 11.3
Armour         | 3 5 6 |  6.2
Dodging        | 4 5 |  5.0
Stealth        | |  1.1

Action                   |  1- 3 |  4- 6 |  7- 9 | 10-12 || total
-------------------------+-------+-------+-------+-------++-------
Melee: Short sword       |   117 |   234 |   524 |   833 ||  1708
       Punch             |       |       |       |     1 ||     1
 Fire: Hunting sling     |       |       |    22 |    29 ||    51
Invok: Heroism           |       |       |       |     7 ||     7
  Use: Scroll            |     3 |    10 |    11 |     5 ||    29
       Potion            |       |       |     1 |     4 ||     5
 Stab: Sleeping          |       |     1 |       |     1 ||     2
  Eat: Chunk             |     2 |     9 |    17 |    18 ||    46
       Ration            |       |       |     1 |     1 ||     2
Armor: Leather armour    |    13 |       |       |       ||    13
       Ring mail         |    46 |    69 |   155 |    32 ||   302
       Steam dragon scal |       |       |       |   137 ||   137
Dodge: Dodged            |   118 |   175 |   341 |   419 ||  1053

Table legend:
 A = Non-vault XP
 B = Vault XP
 C = Vault XP percentage of total XP
 D = Non-vault monster count
 E = Vault monster count
 F = Vault count percentage of total count
                 A         B        C        D         E       F
            +---------+---------+-------+---------+---------+-------
      Total |   12703 |    4738 |  27.2 |     219 |      57 |  20.7
            +---------+---------+-------+---------+---------+-------
        D:1 |      27 |       0 |   0.0 |      15 |       0 |   0.0
        D:2 |     158 |      14 |   8.1 |      30 |       9 |  23.1
        D:3 |     184 |       1 |   0.5 |      17 |       1 |   5.6
        D:4 |     436 |      36 |   7.6 |      16 |       1 |   5.9
        D:5 |     478 |     271 |  36.2 |      25 |       6 |  19.4
        D:6 |     834 |       4 |   0.5 |      20 |       1 |   4.8
        D:7 |     585 |       0 |   0.0 |      11 |       0 |   0.0
        D:8 |    1344 |       0 |   0.0 |      21 |       0 |   0.0
        D:9 |    1349 |    1448 |  51.8 |      15 |      27 |  64.3
       D:10 |    2312 |       0 |   0.0 |      19 |       0 |   0.0
       D:11 |    4479 |    2483 |  35.7 |      26 |      11 |  29.7
     Lair:1 |     517 |     481 |  48.2 |       4 |       1 |  20.0
            +---------+---------+-------+---------+---------+-------
